 Dungeon Crawl Stone Soup version 0.28-a0-1143-gcf6077d4cc (webtiles) character file.

Game seed: 6055820981703326473

41 Snarg the Digger (level 3, -3/27 HPs)
             Began as a Demigod Wanderer on Dec 14, 2021.
             Slain by Sigmund (4 damage)
             ... on level 3 of the Dungeon.
             The game lasted 00:08:58 (2083 turns).

Snarg the Digger (Demigod Wanderer)                 Turns: 2083, Time: 00:08:58

Health: -3/27      AC:  4    Str: 18    XL:     3   Next: 16%
Magic:  6/6        EV: 11    Int: 19    God:
Gold:   118        SH:  0    Dex: 13    Spells: 2/3 levels left

rFire   . . .      SeeInvis .   b - +0 shortbow
rCold   . . .      Faith    .   (shield currently unavailable)
rNeg    . . .      Spirit   .   s - +0 leather armour
rPois   .          Reflect  .   p - +0 helmet
rElec   .          Harm     .   (no cloak)
rCorr   .          Rampage  .   (no gloves)
Will    +....                   (no boots)
Stlth   ++........              (no amulet)
HPRegen 0.09/turn               j - ring of willpower
MPRegen 0.10/turn               n - +6 ring of strength

@: no status effects
A: high mp 1, forlorn, divine attributes
a: no special abilities


You were on level 3 of the Dungeon.
You visited 1 branch of the dungeon, and saw 3 of its levels.

You collected 118 gold pieces.

Inventory:

Hand Weapons
 a - a +0 dagger
 b - a +0 shortbow (weapon)
 l - a +0 short sword
Missiles
 e - 9 arrows (quivered ammo)
 g - 17 sling bullets
 k - 39 stones
Armour
 d - a +0 robe
 p - a +0 helmet (worn)
 q - a +0 kite shield
 s - a +0 leather armour (worn)
Jewellery
 j - a ring of willpower (left hand)
 n - a +6 ring of strength (right hand)
Scrolls
 c - 2 scrolls of teleportation
 f - 2 scrolls of fear {unknown}
 h - a scroll of amnesia {unknown}
 i - 2 scrolls of identify {unknown}
 r - a scroll of noise {unknown}
Potions
 m - a potion of heal wounds {unknown}
 o - a potion of berserk rage {unknown}


   Skills:
 * Level 0.4 Fighting
 - Level 2.0 Bows
 + Level 1.0 Armour
 + Level 2.1 Stealth
 * Level 0.7 Spellcasting
 - Level 2.0 Necromancy
 + Level 3.2 Earth Magic


You had 2 spell levels left.
You knew the following spells:

 Your Spells              Type           Power      Damage    Failure   Level
a - Sandblast             Erth           26%        2d8       6%          1

Your spell library contained the following spells:

 Spells                   Type           Power      Damage    Failure   Level
 Passwall                 Tmut/Erth      5%         N/A       19%         2
 Stone Arrow              Conj/Erth      12%        3d7       34%         3
 Swiftness                Air            0%         N/A       56%         3
 Petrify                  Tmut/Erth      6%         N/A       75%         4


Dungeon Overview and Level Annotations

Branches:
Dungeon (3/15)

Annotations:
D:1 clr
D:2 clr
D:3 Sigmund


Innate Abilities, Weirdness & Mutations

You have an increased reservoir of magic. (+10% MP)
You shall have no god before yourself.
Your divine heritage dramatically boosts your attributes as you level up.


Message History

Aim: Sigmund, wielding a +0 scythe and wearing a +0 robe (severely wounded, 53% to hit)
You shoot an arrow. The arrow hits Sigmund.
Sigmund is severely wounded.
Sigmund hits you from afar with a +0 scythe.
* * * LOW HITPOINT WARNING * * *
Unknown command.
Fire: 14 arrows
Press: ? - help, Q - select action, (/) - cycle Shift-Dir - straight line, f/p - Sigmund
Aim: Sigmund, wielding a +0 scythe and wearing a +0 robe (severely wounded, 53% to hit)
You shoot an arrow. The arrow barely misses Sigmund.
Sigmund misses you.
Fire: 13 arrows
Press: ? - help, Q - select action, (/) - cycle Shift-Dir - straight line, f/p - Sigmund
Aim: Sigmund, wielding a +0 scythe and wearing a +0 robe (severely wounded, 53% to hit)
You shoot an arrow. The arrow closely misses Sigmund.
Sigmund hits you but does no damage.
Fire: 12 arrows
Press: ? - help, Q - select action, (/) - cycle Shift-Dir - straight line, f/p - Sigmund
Aim: Sigmund, wielding a +0 scythe and wearing a +0 robe (severely wounded, 53% to hit)
You shoot an arrow.
The arrow hits Sigmund but does no damage.
Sigmund is severely wounded.
Sigmund hits you from afar with a +0 scythe!
* * * LOW HITPOINT WARNING * * *
Unknown command.
Fire: 11 arrows
Press: ? - help, Q - select action, (/) - cycle Shift-Dir - straight line, f/p - Sigmund
Aim: Sigmund, wielding a +0 scythe and wearing a +0 robe (severely wounded, 53% to hit)
You shoot an arrow.
The arrow hits Sigmund but does no damage.
Sigmund is severely wounded.
Fire: 10 arrows
Press: ? - help, Q - select action, (/) - cycle Shift-Dir - straight line, f/p - Sigmund
Aim: Sigmund, wielding a +0 scythe and wearing a +0 robe (severely wounded, 53% to hit)
You shoot an arrow.
The arrow hits Sigmund but does no damage.
Sigmund is severely wounded.
Sigmund says, "Look into my eyes."
Sigmund hits you from afar with a +0 scythe.
You die...

### ##### #####
..######...# #...#
..#...##...#####...# #
......##...##......###.#
.......................##
†...............$........
...........#....†........
....#.##...#....@........
.#.....#...#....##.......
.#.....#...#...@##.......
.#######...#....##.#####.
.[.........#....##.#
.........<...(......
.......<...#.#####.# #
.....K#....#.#.# #.#.#
#.....##.÷.....###.#.#####


You could see Sigmund.

Vanquished Creatures
  A worm (D:2)
  An orc (D:3)
  2 endoplasms
  2 giant cockroaches
  2 goblins (D:1)
  7 hobgoblins
  4 jackals
  2 ball pythons
  3 bats
  3 frilled lizards
  2 kobolds
  4 rats
33 creatures vanquished.

Notes
Turn   | Place    | Note
-------+----------+-------------------------------------------
     0 | D:1      | Snarg the Demigod Wanderer began the quest for the Orb.
     0 | D:1      | Snarg set off with the following items: a +0 shortbow, 23
                  | arrows, a scroll of teleportation, a +0 robe, a +0 dagger;
                  | and the following spell memorised: Sandblast; and the
                  | following spells available to memorise: Passwall, Stone
                  | Arrow, Petrify
     0 | D:1      | Reached XP level 1. HP: 14/14 MP: 3/3
   467 | D:1      | Reached skill level 3 in Earth Magic
   467 | D:1      | Reached XP level 2. HP: 20/20 MP: 4/4
  1750 | D:3      | Reached XP level 3. HP: 26/26 MP: 6/6
  1791 | D:3      | Noticed Sigmund
  2081 | D:3      | HP: 1/27 [Sigmund (8)]
  2083 | D:3      | Slain by Sigmund

Illustrated notes

Levels and vault maps discovered:
D:1:      saegor_arrival_simple_a, layout_basic,
          dreamdust_ecumenical_altar_statues,
          wander_ebering_terrifying_dragon_lair
D:2:      layout_rooms
D:3:      layout_basic, pdpol_temple_overflow_zin_treasury_gozag_greed,
          gammafunk_temple_overflow_claw, uniq_sigmund

Skill      XL: |  1  2 |
---------------+-------+-----
Bows           | 2 |  2.0
Necromancy     | 2 |  2.0
Earth Magic    | 3 |  3.2
Stealth        | 2 |  2.1
Fighting       | |  0.4
Armour         | |  1.0
Spellcasting   | |  0.7

Action                   || total
-------------------------++-------
Melee: Dagger            ||    44
 Fire: Shortbow          ||    58
Throw: Stone             ||     6
 Cast: Sandblast         ||    12
 Stab: Sleeping          ||     3
Armor: Robe              ||    13
       Leather armour    ||     4
Dodge: Dodged            ||    40

Table legend: (Time is in decaauts)
 A = Elapsed time spent in this place.
 B = Non-inter-level travel time spent in this place.
 C = Inter-level travel time spent in this place.
 D = Time resting spent in this place.
 E = Time spent auto-exploring this place.
 F = Levels seen in this place.
 G = Mean time per level.
                   A        B        C        D        E       F      G
               +--------+--------+--------+--------+--------+-----+--------+
         Total |   2087 |   1970 |    117 |    422 |   1141 |   3 |  695.7 |
       Dungeon |   2087 |   1970 |    117 |    422 |   1141 |   3 |  695.7 |
               +--------+--------+--------+--------+--------+-----+--------+

Top non-repeatable levels by time:
     D:1: 997 daAuts
     D:2: 829 daAuts
     D:3: 259 daAuts
